 Dungeon Crawl Stone Soup version 0.28.0-53-g5a82cb258f (webtiles) character file.

Game seed: 1667852808228105243

60 Sin92 the Skirmisher (level 3, 0/29 HPs)
             Began as a Demonspawn Fighter on July 28, 2022.
             Was an Initiate of Gozag.
             Slain by a goblin
             ... wielding a +0 club
             ... led by Robin
              (2 damage)
             ... on level 2 of the Dungeon.
             The game lasted 00:01:06 (1498 turns).

Sin92 the Skirmisher (Demonspawn Fighter)           Turns: 1498, Time: 00:01:06

Health: 0/29       AC:  6    Str: 18    XL:     3   Next: 82%
Magic:  3/3        EV:  9    Int:  9    God:    Gozag
Gold:   116        SH:  4    Dex: 12    Spells: 2/2 levels left

rFire   . . .      SeeInvis .   a - +0 war axe
rCold   . . .      Faith    .   c - +0 buckler
rNeg    . . .      Spirit   .   b - +0 scale mail
rPois   .          Reflect  .   (no helmet)
rElec   .          Harm     .   (no cloak)
rCorr   .          Rampage  .   (no gloves)
Will    .....                   (no boots)
Stlth   ..........              (no amulet)
HPRegen 0.09/turn               (no ring)
MPRegen 0.16/turn               (no ring)

@: weak-willed, gold aura
A: magic regeneration
a: Renounce Religion, Potion Petition, Call Merchant, Bribe Branch


You were on level 2 of the Dungeon.
You worshipped Gozag.
Gozag was aware of your devotion.
You visited 1 branch of the dungeon, and saw 2 of its levels.

You collected 116 gold pieces.

Inventory:

Hand Weapons
 a - a +0 war axe (weapon)
Armour
 b - a +0 scale mail (worn)
 c - a +0 buckler (worn)
Jewellery
 o - a +6 ring of intelligence
Scrolls
 e - a scroll of amnesia {unknown}
 f - 2 scrolls of enchant armour {unknown}
 i - a scroll of holy word {unknown}
 m - a scroll of enchant weapon
 n - a scroll of magic mapping {unknown}
Potions
 d - a potion of might
 h - a potion of curing {unknown}
 k - a potion of ambrosia {unknown}
 l - a potion of heal wounds {unknown}


   Skills:
 + Level 3.4 Fighting
 * Level 2.7 Axes
 + Level 3.1 Armour
 + Level 3.0 Shields


You had 2 spell levels left.
You didn't know any spells.
Your spell library contained the following spells:

 Spells                   Type           Power      Damage    Failure   Level
 Ensorcelled Hibernation  Hex/Ice        0%         N/A       94%         2
 Ignite Poison            Fire/Tmut/Pois 0%         N/A       99%         3
 Mephitic Cloud           Conj/Pois/Air  0%         N/A       99%         3
 Spider Form              Tmut/Pois      0%         N/A       99%         3
 Anguish                  Hex/Necr       0%         N/A       100%        4
 Freezing Cloud           Conj/Ice/Air   0%         6-21      100%        5


Dungeon Overview and Level Annotations

Branches:
Dungeon (2/15)

Altars:
Gozag

Annotations:
D:2 Robin


Innate Abilities, Weirdness & Mutations

You regenerate magic rapidly.


Message History

A goblin comes into view. It is wielding a +0 dagger.
Robin throws the goblin at you! The goblin misses you.
The goblin hits you with a +0 club. The goblin completely misses you.
Unknown command.
You are too injured to fight recklessly!
Unknown command.
You are too injured to fight recklessly!
Unknown command.
You are too injured to fight recklessly!
Unknown command.
You are too injured to fight recklessly!
Unknown command.
You are too injured to fight recklessly!
You closely miss the goblin.
The goblin is moderately wounded.
You hit the goblin. You slash the goblin!
You kill the goblin!
Robin throws the goblin at you! The goblin misses you.
The goblin hits you but does no damage. You block the goblin's attack.
You barely miss the goblin.
The goblin is moderately wounded.
You barely miss the goblin. x2; You block the goblin's attack.
The goblin hits you but does no damage. The goblin hits you with a +0 dagger.
* * * LOW HITPOINT WARNING * * *
The goblin is distracted by your dazzling golden aura.
The goblin hits you with a +0 club.
* * * LOW HITPOINT WARNING * * *
The goblin shouts!
As you read the scroll labelled ISHIEC TIUD, it crumbles to dust.
It is a scroll of identify.
m - a scroll of enchant weapon The goblin hits you with a +0 dagger.
* * * LOW HITPOINT WARNING * * *
The goblin hits you but does no damage.
As you read the scroll labelled TEUSKY AP LEEPS, it crumbles to dust.
The goblin is no longer distracted by gold.
Magic quickly surges around you.
It was a scroll of vulnerability.
The goblin hits you but does no damage. The goblin hits you with a +0 club.
You die...
Your body crumbles into a pile of gold.

#...........# ..
#.###########...
.. #.#....#
#..##. #.#.##.#
..... #.#..#.#
#...# #....#.#
#... ###..#.#


#gg #....# #g# #.##.######@# #.........gg# ############# You could see Robin, a
hobgoblin (strong, weak-willed) and 3 goblins.

Vanquished Creatures
  2 adders (D:2)
  2 dart slugs
  5 endoplasms
  5 giant cockroaches
  11 goblins
  2 hobgoblins (D:1)
  A kobold (D:1)
  A quokka (D:1)
  2 ball pythons (D:1)
  2 bats
  A frilled lizard (D:1)
  A rat (D:2)
35 creatures vanquished.

Notes
Turn   | Place    | Note
-------+----------+-------------------------------------------
     0 | D:1      | Sin92 the Demonspawn Fighter began the quest for the Orb.
     0 | D:1      | Reached XP level 1. HP: 18/18 MP: 1/1
   269 | D:1      | Gained mutation: You regenerate magic rapidly. [demonic
                  | ancestry]
   269 | D:1      | Reached XP level 2. HP: 23/24 MP: 2/2
   515 | D:1      | You fall into a shaft and drop 1 floor!
   723 | D:2      | Reached XP level 3. HP: 29/29 MP: 3/3
   896 | D:1      | Found a faded altar of an unknown god.
  1135 | D:1      | Prayed at the altar of an unknown god.
  1135 | D:1      | Became a worshipper of Gozag Ym Sagoz the Greedy
  1487 | D:2      | Noticed Robin
  1498 | D:2      | Slain by a goblin

Illustrated notes

Levels and vault maps discovered:
D:1:      minmay_arrival_nine_rooms, layout_loops_ring,
          nicolae_ecumenical_lake_church
D:2:      layout_basic, serial_shops, nicolae_shop_trees, uniq_robin

Skill      XL: |  1  2  3 |
---------------+----------+-----
Axes           | 2 |  2.7
Armour         | 3 |  3.1
Shields        | 3 |  3.0
Fighting       | |  3.4

Action                   || total
-------------------------++-------
Melee: War axe           ||    89
  Use: Scroll            ||     2
 Stab: Distracted        ||     1
Armor: Scale mail        ||    58
Dodge: Dodged            ||    39
Block: Buckler           ||    19
